AoeStats
← Ambicia

Arabia

508012918Analyzed
1v1 RM · 13d ago on Sep 20, 2026· 51m 3s· 2 players
Game mode
Random Map
Map size
Tiny (2 player)
Population
200
Speed
Normal
Resources
Standard
Victory
Conquest
Starting age
Dark Age
Ending age
Imperial Age
RankedLock teamsTeams togetherTeam positionsShared explorationLock speedFull tech treeHidden civsTurbo modeCheats
Victory
Defeat
🇹🇷 Byzantines · Türkiye
855
+17
🇺🇦 Celts · Ukraine
876
-17
✪ Unsatisfied
6:02 Loom
9:34 Feudal Age
14:21 Double-Bit Axe
19:51 Castle Age
17:40 Horse Collar
17:56 Gold Mining
19:17 Scale Barding Armor
20:06 Forging
20:54 Wheelbarrow
21:35 Fletching
25:13 Elite Skirmisher
26:21 Bodkin Arrow
28:46 Bow Saw
32:09 Imperial Age
29:55 Stone Mining
30:46 Padded Archer Armor
31:15 Ballistics
32:18 Hand Cart
34:15 Chemistry
33:26 Heavy Plow
33:54 Heavy Camel Rider
37:35 Two-Man Saw
36:58 Chain Barding Armor
36:46 Thumb Ring
36:50 Husbandry
37:25 Bracer
40:34 Light Cavalry
41:40 Hussar
43:33 Plate Barding Armor
43:14 Leather Archer Armor
47:00 Crossbowman
49:22 Arbalester
Ambicia
5:11 Loom
12:49 Feudal Age
14:05 Wheelbarrow
13:16 Double-Bit Axe
13:14 Horse Collar
21:43 Castle Age
19:50 Stone Mining
19:52 Gold Mining
23:06 Hand Cart
23:04 Bow Saw
22:57 Heavy Plow
23:24 Forging
23:17 Scale Mail Armor
23:06 Gambesons
22:42 Pikeman
23:09 Arson
28:22 Imperial Age
29:27 Conscription
28:36 Capped Ram
29:34 Halberdier
31:29 Iron Casting
33:55 Furor Celtica
34:40 Chain Mail Armor
36:13 Blast Furnace
36:42 Siege Ram
39:27 Town Watch
41:02 Plate Mail Armor
40:13 Elite Woad Raider
43:19 Chemistry
Connection lost

Rejoining the realm…

Still unreachable

The connection could not be restored.

Session expired

The server has moved on; the page needs a fresh start.